MLB
MONTREAL EXPOS @ OAKLAND ATHLETICS
06/06/2044
 
TOP OF THE 1ST
Montreal Expos batting - Pitching for Oakland Athletics : RHP Mitsuo Kuriyama
Pitching: RHP Mitsuo Kuriyama
Batting: RHB Robby Juarez 0-0: SINGLE (Line Drive, 4D, EV 98.1 MPH)
Batting: SHB Bran Stark 0-0: Foul Ball, location: 2F
0-1: Ball
1-1: Swinging Strike
1-2: Ball
2-2: Foul Ball, location: 2F
2-2: Strikes out swinging
Batting: LHB Steve Anderson 0-0: Ball
1-0: Ball
Robby Juarez steals 2nd base (no throw)
2-0: Swinging Strike
2-1: Foul Ball, location: 2F
2-2: Ground out 6-3 (Groundball, 6, EV 85.6 MPH)
Robby Juarez to third
Batting: RHB Hugo Bautista 0-0: Ball
1-0: Foul Ball, location: 2F
1-1: DOUBLE (Line Drive, 8RXD, EV 111.9 MPH)
Robby Juarez scores
Batting: LHB Jimmy Buscemi 0-0: Swinging Strike
0-1: Foul Ball, location: 2F
0-2: Ball
1-2: Foul Ball, location: 2F
1-2: 2-RUN HOME RUN (Flyball, 89XD, EV 102.5 MPH), Distance : 414 ft
Batting: RHB Martin Chavez 0-0: Swinging Strike
0-1: Foul Ball, location: 2F
0-2: Ball
1-2: Ground out 4-3 (Groundball, 4, EV 88.8 MPH)
Top of the 1st over - 3 runs, 3 hits, 0 errors, 0 left on base; Montreal 3 - Oakland 0
BOTTOM OF THE 1ST
Oakland Athletics batting - Pitching for Montreal Expos : LHP James Fisher
Pitching: LHP James Fisher
Batting: RHB Philip Jansen 0-0: Foul Ball, location: 2F
0-1: Fly out, F9 (Flyball, 89D, EV 103.8 MPH)
Batting: RHB Danny Murillo 0-0: Called Strike
0-1: Ball
1-1: Fly out, F9 (Line Drive, 9S, EV 97.5 MPH)
Batting: RHB Muneo Kawachi 0-0: Ball
1-0: Foul Ball, location: 2F
1-1: DOUBLE (Line Drive, 78XD, EV 107.5 MPH)
Batting: LHB Sakae Kasahara 0-0: Ball
1-0: Swinging Strike
1-1: Foul Ball, location: 2F
1-2: Strikes out swinging
Bottom of the 1st over - 0 runs, 1 hit, 0 errors, 1 left on base; Montreal 3 - Oakland 0
TOP OF THE 2ND
Montreal Expos batting - Pitching for Oakland Athletics : RHP Mitsuo Kuriyama
Batting: RHB Wen-hua Lei 0-0: Called Strike
0-1: Fly out, F9 (Flyball, 9LM, EV 94.4 MPH)
Batting: RHB John Ham 0-0: Ball
1-0: Ball
2-0: Ball
3-0: Foul Ball, location: 2F
3-1: SINGLE (Flyball, 6D, EV 89.4 MPH)
Batting: SHB Hans Mikkelsen 0-0: Ball
1-0: Fly out, F7 (Flyball, 78S, EV 87.5 MPH)
Batting: RHB Robby Juarez 0-0: Ball
1-0: Called Strike
John Ham steals 2nd base
1-1: Ball
2-1: Ball
3-1: Base on Balls
Batting: SHB Bran Stark 0-0: SINGLE (Groundball, 34S, EV 63.1 MPH) (infield hit)
John Ham to third
Robby Juarez to second
Batting: LHB Steve Anderson 0-0: Called Strike
0-1: Ball
1-1: Swinging Strike
1-2: Ground out 4-3 (Groundball, 4, EV 102.5 MPH)
Top of the 2nd over - 0 runs, 2 hits, 0 errors, 3 left on base; Montreal 3 - Oakland 0
BOTTOM OF THE 2ND
Oakland Athletics batting - Pitching for Montreal Expos : LHP James Fisher
Batting: RHB Adam McGurn 0-0: Ball
1-0: Swinging Strike
1-1: Swinging Strike
1-2: Ball
2-2: Foul Ball, location: 2F
2-2: Ball
3-2: Strikes out swinging
Batting: SHB Robert Handy 0-0: Ball
1-0: Ball
2-0: Ball
3-0: Called Strike
3-1: Ground out 5-3 (Groundball, 56S, EV 65.6 MPH)
Batting: RHB Justin McQuarter 0-0: Ball
1-0: Foul Ball, location: 2F
1-1: Swinging Strike
1-2: Ground out 3-1 (Groundball, 34, EV 101.3 MPH)
Bottom of the 2nd over - 0 runs, 0 hits, 0 errors, 0 left on base; Montreal 3 - Oakland 0
TOP OF THE 3RD
Montreal Expos batting - Pitching for Oakland Athletics : RHP Mitsuo Kuriyama
Batting: RHB Hugo Bautista 0-0: Called Strike
0-1: Ball
1-1: Foul Ball, location: 2F
1-2: Ball
2-2: Strikes out looking
Batting: LHB Jimmy Buscemi 0-0: Fly out, F7 (Flyball, 7LS, EV 85.6 MPH)
Batting: RHB Martin Chavez 0-0: Called Strike
0-1: Ball
1-1: Ball
2-1: Ball
3-1: Base on Balls
Batting: RHB Wen-hua Lei 0-0: Called Strike
0-1: Ball
1-1: Ball
2-1: Swinging Strike
2-2: Strikes out looking
Top of the 3rd over - 0 runs, 0 hits, 0 errors, 1 left on base; Montreal 3 - Oakland 0
BOTTOM OF THE 3RD
Oakland Athletics batting - Pitching for Montreal Expos : LHP James Fisher
Batting: SHB Ryan Langlois 0-0: Foul Ball, location: 2F
0-1: Ball
1-1: Foul Ball, location: 2F
1-2: Ball
2-2: Ball
3-2: Ground out 4-3 (Groundball, 4, EV 84.4 MPH)
Batting: LHB George Leary 0-0: Ball
1-0: Called Strike
1-1: Ball
2-1: Ball
3-1: Ground out 4-3 (Groundball, 4, EV 81.9 MPH)
Batting: RHB Philip Jansen 0-0: Foul Ball, location: 2F
0-1: Ball
1-1: Foul Ball, location: 2F
1-2: Strikes out looking
Bottom of the 3rd over - 0 runs, 0 hits, 0 errors, 0 left on base; Montreal 3 - Oakland 0
TOP OF THE 4TH
Montreal Expos batting - Pitching for Oakland Athletics : RHP Mitsuo Kuriyama
Batting: RHB John Ham 0-0: Ball
1-0: Fly out, F8 (Flyball, 8RXD, EV 103.8 MPH)
Batting: SHB Hans Mikkelsen 0-0: Called Strike
0-1: Called Strike
0-2: Strikes out swinging
Batting: RHB Robby Juarez 0-0: Ball
1-0: Called Strike
1-1: DOUBLE (Line Drive, 89D, EV 104.4 MPH)
Batting: SHB Bran Stark 0-0: Ball
1-0: Ball
2-0: Ball
3-0: Called Strike
3-1: 2-RUN HOME RUN (Flyball, 89XD, EV 111.9 MPH), Distance : 429 ft
Batting: LHB Steve Anderson 0-0: Ball
1-0: Ball
2-0: Ball
3-0: Called Strike
3-1: Called Strike
3-2: Base on Balls
Batting: RHB Hugo Bautista 0-0: Ball
1-0: Foul Ball, location: 2F
1-1: Called Strike
1-2: Ball
2-2: Foul Ball, location: 2F
2-2: Ball
3-2: Base on Balls
Steve Anderson to second
Batting: LHB Jimmy Buscemi 0-0: Called Strike
0-1: Called Strike
0-2: Ball
1-2: Foul Ball, location: 2F
1-2: Foul Ball, location: 2F
1-2: Ball
2-2: Strikes out swinging
Top of the 4th over - 2 runs, 2 hits, 0 errors, 2 left on base; Montreal 5 - Oakland 0
BOTTOM OF THE 4TH
Oakland Athletics batting - Pitching for Montreal Expos : LHP James Fisher
Batting: RHB Danny Murillo 0-0: Called Strike
0-1: SINGLE (Line Drive, 6MD, EV 95.6 MPH)
Batting: RHB Muneo Kawachi 0-0: Called Strike
0-1: Swinging Strike
0-2: Ball
1-2: Ball
2-2: Foul Ball, location: 2F
2-2: Strikes out looking
Batting: LHB Sakae Kasahara 0-0: Called Strike
0-1: Foul Ball, location: 2F
0-2: Grounds into double play, U6-3 (Groundball, 6M, EV 98.1 MPH)
Bottom of the 4th over - 0 runs, 1 hit, 0 errors, 0 left on base; Montreal 5 - Oakland 0
TOP OF THE 5TH
Montreal Expos batting - Pitching for Oakland Athletics : RHP Mitsuo Kuriyama
Batting: RHB Martin Chavez 0-0: Ball
1-0: Ball
2-0: Swinging Strike
2-1: Called Strike
2-2: Strikes out swinging
Batting: RHB Wen-hua Lei 0-0: Foul Ball, location: 2F
0-1: Called Strike
0-2: Ball
1-2: Ball
2-2: Ball
3-2: Foul Ball, location: 2F
3-2: Strikes out swinging
Batting: RHB John Ham 0-0: Called Strike
0-1: Ground out 6-3 (Groundball, 6M, EV 81.3 MPH)
Top of the 5th over - 0 runs, 0 hits, 0 errors, 0 left on base; Montreal 5 - Oakland 0
BOTTOM OF THE 5TH
Oakland Athletics batting - Pitching for Montreal Expos : LHP James Fisher
Batting: RHB Adam McGurn 0-0: Called Strike
0-1: Ball
1-1: Swinging Strike
1-2: SINGLE (Flyball, 5D, EV 93.8 MPH)
Batting: SHB Robert Handy 0-0: Ball
1-0: Foul Ball, location: 2F
1-1: 2-RUN HOME RUN (Line Drive, 8RXD, EV 104.4 MPH), Distance : 422 ft
Batting: RHB Justin McQuarter 0-0: Ball
1-0: Fly out, F9 (Flyball, 9LM, EV 85.0 MPH)
Batting: SHB Ryan Langlois 0-0: Called Strike
0-1: Foul Ball, location: 2F
0-2: Ball
1-2: Ball
2-2: Fly out, F9 (Flyball, 9LS, EV 88.1 MPH)
Batting: LHB George Leary 0-0: Swinging Strike
0-1: Foul Ball, location: 2F
0-2: Ground out 6-3 (Groundball, 4M, EV 85.6 MPH)
Bottom of the 5th over - 2 runs, 2 hits, 0 errors, 0 left on base; Montreal 5 - Oakland 2
TOP OF THE 6TH
Montreal Expos batting - Pitching for Oakland Athletics : RHP Mitsuo Kuriyama
Pitching: RHP John Owens
Batting: SHB Hans Mikkelsen 0-0: Called Strike
0-1: SOLO HOME RUN (Flyball, 9LD, EV 93.8 MPH), Distance : 355 ft
Batting: RHB Robby Juarez 0-0: SOLO HOME RUN (Flyball, 9LD, EV 96.9 MPH), Distance : 353 ft
Batting: SHB Bran Stark 0-0: Ball
1-0: Called Strike
1-1: Swinging Strike
1-2: Ball
2-2: SINGLE (Groundball, 4, EV 97.5 MPH)
Batting: LHB Steve Anderson 0-0: Ball
Bran Stark steals 2nd base (no throw)
1-0: Swinging Strike
1-1: Foul Ball, location: 2F
1-2: Strikes out looking
Batting: RHB Hugo Bautista 0-0: Ball
1-0: Ball
2-0: Called Strike
2-1: Ball
3-1: Foul Ball, location: 2F
3-2: Base on Balls
Batting: LHB Jimmy Buscemi 0-0: Called Strike
Bran Stark steals 3rd base
Hugo Bautista to second
0-1: Called Strike
0-2: Ball
1-2: Strikes out swinging
Batting: RHB Martin Chavez 0-0: Ball
1-0: SINGLE (Groundball, 56D, EV 102.5 MPH)
Bran Stark scores
Hugo Bautista to third
Batting: RHB Wen-hua Lei 0-0: Ball
1-0: Foul Ball, location: 2F
1-1: Swinging Strike
1-2: Ground out 4-3 (Groundball, 4, EV 86.3 MPH)
Top of the 6th over - 3 runs, 4 hits, 0 errors, 2 left on base; Montreal 8 - Oakland 2
BOTTOM OF THE 6TH
Oakland Athletics batting - Pitching for Montreal Expos : LHP James Fisher
Batting: RHB Philip Jansen 0-0: Called Strike
0-1: Ball
1-1: Fly out, F8 (Flyball, 89D, EV 78.1 MPH)
Batting: RHB Danny Murillo 0-0: Called Strike
0-1: Ball
1-1: Swinging Strike
1-2: Ball
2-2: Strikes out swinging
Batting: RHB Muneo Kawachi 0-0: Foul Ball, location: 2F
0-1: Ball
1-1: Called Strike
1-2: Ground out 6-3 (Groundball, 6M, EV 87.5 MPH)
Bottom of the 6th over - 0 runs, 0 hits, 0 errors, 0 left on base; Montreal 8 - Oakland 2
TOP OF THE 7TH
Montreal Expos batting - Pitching for Oakland Athletics : RHP John Owens
Batting: RHB John Ham 0-0: Ground out 6-3 (Groundball, 6, EV 88.8 MPH)
Batting: SHB Hans Mikkelsen 0-0: Called Strike
0-1: Swinging Strike
0-2: Strikes out swinging
Batting: RHB Robby Juarez 0-0: Swinging Strike
0-1: Ball
1-1: SINGLE (Groundball, 34D, EV 94.4 MPH)
Batting: SHB Bran Stark 0-0: Foul Ball, location: 2F
0-1: Called Strike
Robby Juarez steals 2nd base
0-2: Ball
1-2: SINGLE (Line Drive, 9S, EV 86.3 MPH)
Robby Juarez to third
Runner from 3rd tries for Home, SAFE, throw by RF to home
Bran Stark to second
Pitching: LHP Bobby Storey
Batting: LHB Steve Anderson 0-0: Ball
1-0: Ball
2-0: Ball
3-0: Called Strike
3-1: Fly out, F7 (Flyball, 78D, EV 89.4 MPH)
Top of the 7th over - 1 run, 2 hits, 0 errors, 1 left on base; Montreal 9 - Oakland 2
BOTTOM OF THE 7TH
Oakland Athletics batting - Pitching for Montreal Expos : LHP James Fisher
Batting: LHB Sakae Kasahara 0-0: Foul Ball, location: 2F
0-1: Ball
1-1: Ball
2-1: Called Strike
2-2: Strikes out swinging
Batting: RHB Adam McGurn 0-0: Called Strike
0-1: Ground out 5-3 (Groundball, 56, EV 85.6 MPH)
Batting: SHB Robert Handy 0-0: Foul Ball, location: 2F
0-1: Ground out 6-3 (Groundball, 6, EV 103.8 MPH)
Bottom of the 7th over - 0 runs, 0 hits, 0 errors, 0 left on base; Montreal 9 - Oakland 2
TOP OF THE 8TH
Montreal Expos batting - Pitching for Oakland Athletics : LHP Bobby Storey
Batting: RHB Hugo Bautista 0-0: Fly out, F8 (Flyball, 89M, EV 81.9 MPH)
Batting: LHB Jimmy Buscemi 0-0: Ground out 6-3 (Groundball, 6, EV 99.4 MPH)
Batting: RHB Martin Chavez 0-0: Called Strike
0-1: Swinging Strike
0-2: Ball
1-2: Fly out, F8 (Flyball, 8RXD, EV 95.0 MPH)
Top of the 8th over - 0 runs, 0 hits, 0 errors, 0 left on base; Montreal 9 - Oakland 2
BOTTOM OF THE 8TH
Oakland Athletics batting - Pitching for Montreal Expos : LHP James Fisher
Batting: RHB Justin McQuarter 0-0: Ball
1-0: SINGLE (Groundball, 5S, EV 67.5 MPH) (infield hit)
Batting: SHB Ryan Langlois 0-0: Ball
1-0: Ball
2-0: Called Strike
2-1: Foul Ball, location: 2F
2-2: Ball
3-2: Foul Ball, location: 2F
3-2: Foul Ball, location: 2F
3-2: Strikes out swinging
Justin McQuarter steals 2nd base (no throw)
Batter strikes out.
Pitching: RHP Tyler Lybrand
Batting: LHB George Leary 0-0: Called Strike
0-1: Called Strike
0-2: Ball
1-2: Foul Ball, location: 2F
1-2: Strikes out swinging
Batting: RHB Philip Jansen 0-0: Called Strike
0-1: Ball
1-1: Ground out 6-3 (Groundball, 6, EV 85.6 MPH)
Bottom of the 8th over - 0 runs, 1 hit, 0 errors, 1 left on base; Montreal 9 - Oakland 2
TOP OF THE 9TH
Montreal Expos batting - Pitching for Oakland Athletics : LHP Bobby Storey
Batting: RHB Wen-hua Lei 0-0: Ground out U3 (Groundball, 13, EV 80.0 MPH)
Batting: RHB John Ham 0-0: Swinging Strike
0-1: Called Strike
0-2: Ball
1-2: Strikes out looking
Batting: SHB Hans Mikkelsen 0-0: Swinging Strike
0-1: Ball
1-1: Swinging Strike
1-2: Strikes out swinging
Top of the 9th over - 0 runs, 0 hits, 0 errors, 0 left on base; Montreal 9 - Oakland 2
BOTTOM OF THE 9TH
Oakland Athletics batting - Pitching for Montreal Expos : RHP Tyler Lybrand
Batting: RHB Danny Murillo 0-0: Foul Ball, location: 2F
0-1: Ball
1-1: Foul Ball, location: 2F
1-2: Ball
2-2: Strikes out swinging
Batting: RHB Muneo Kawachi 0-0: Fly out, F7 (Flyball, 7LM, EV 94.4 MPH)
Batting: LHB Sakae Kasahara 0-0: Ball
1-0: Called Strike
1-1: Swinging Strike
1-2: Ball
2-2: Foul Ball, location: 2F
2-2: Ball
3-2: Strikes out looking
Bottom of the 9th over - 0 runs, 0 hits, 0 errors, 0 left on base; Montreal 9 - Oakland 2
Thursday, March 31st , 2022 - OOTP Baseball 22.12 Build 89